 Dungeon Crawl Stone Soup version 0.32-a0-699-g1ee5eff69a (webtiles) character file.

Game seed: 9470270892617899899

1640 mopl the Ruffian (level 8, -10/54 HPs)
             Began as an Octopode Shapeshifter on Mar 13, 2024.
             Was a Follower of Uskayaw.
             Mangled by an orc wizard
             ... wielding a +1 dagger of electrocution
              (20 damage)
             ... on level 6 of the Dungeon.
             The game lasted 00:06:23 (4565 turns).

mopl the Ruffian (Octopode Shapeshifter)            Turns: 4565, Time: 00:06:25

Health: -10/54     AC:  1    Str: 14    XL:     8   Next: 99%
Magic:  10/10      EV: 13    Int: 12    God:    Uskayaw [*.....]
Gold:   362        SH:  0    Dex: 13    Spells: 7/7 levels left

rFire   . .          .
                       - Unarmed
rCold   . . .        (no shield)
rNeg    . . .        (helmet currently unavailable)
rPois   .            (no amulet)
rElec   .            A - ring of wizardry
rCorr   .            (no ring)
SInv    .            (no ring)
Will    .....        (no ring)
Stlth   ++           (no ring)
HPRegen 0.29/turn    (no ring)
MPRegen 0.12/turn    (no ring)
                     (no ring)

%: wizardry (x1)
@: beast-form
A: beast (slay +3), almost no armour, amphibious, 8 rings, camouflage 1,
gelatinous body 1, (nimble swimmer 1), tentacles
a: Begin Untransformation, Renounce Religion, Stomp


You were on level 6 of the Dungeon.
You worshipped Uskayaw.
Uskayaw was noncommittal.
You were a hulking beast.
You visited 1 branch of the dungeon, and saw 6 of its levels.
You also visited: Sewer.

You collected 362 gold pieces.

Inventory:

Hand Weapons
 b - a +3 sling
 g - a +2 dagger of draining
Missiles
 q - 16 boomerangs
 t - 4 javelins
 x - 32 poisoned darts (quivered)
 B - 2 atropa-tipped darts
Jewellery
 A - a ring of wizardry (left tentacle)
Talismans
 c - a flux talisman
 f - a beast talisman (active)
Scrolls
 h - a scroll of fear {unknown}
 i - a scroll of poison {unknown}
 j - 3 scrolls of teleportation {unknown}
 l - 3 scrolls of revelation {unknown}
 m - a scroll of noise {unknown}
 n - 2 scrolls of immolation {unknown}
 p - a scroll of enchant weapon {unknown}
 r - a scroll of fog {unknown}
 w - 2 scrolls of amnesia {unknown}
 y - 2 scrolls of vulnerability {unknown}
Potions
 a - 6 potions of lignification {!q}
 d - a potion of cancellation
 e - 3 potions of heal wounds
 k - 4 potions of enlightenment
 o - a potion of might
 s - a potion of attraction
 u - 2 potions of ambrosia
 v - 4 potions of curing
 z - a potion of berserk rage {!q}


   Skills:
 + Level 4.3 Fighting
 + Level 4.6 Dodging
 * Level 6.7 Unarmed Combat
 + Level 3.4 Invocations
 * Level 6.3 Shapeshifting


You had 7 spell levels left.
You didn't know any spells.
Your spell library contained the following spells:

 Spells                   Type           Power      Damage    Failure   Level
 Freeze                   Ice            0%         1d3       13%         1
 Magic Dart               Conj           0%         1d3       13%         1
 Shock                    Conj/Air       0%         1d3       13%         1
 Sting                    Conj/Alch      0%         1d3       13%         1
 Mercury Vapours          Alch/Air       0%         N/A       21%         2
 Searing Ray              Conj           0%         2d4       21%         2
 Frozen Ramparts          Ice            0%         1d1       36%         3
 Fugue of the Fallen      Necr           0%         N/A       36%         3
 Hailstorm                Conj/Ice       0%         3d5       36%         3
 Ozocubu's Armour         Ice            0%         N/A       36%         3
 Swiftness                Air            0%         N/A       36%         3
 Airstrike                Air            0%         2d(0-16)  75%         4
 Cause Fear               Hex            0%         N/A       75%         4
 Fulminant Prism          Conj/Alch      0%         3d5       75%         4
 Manifold Assault         Tloc           0%         N/A       75%         4
 Olgreb's Toxic Radiance  Alch           0%         N/A       75%         4
 Fireball                 Conj/Fire      0%         3d3       97%         5
 Dragon's Call            Summ           0%         N/A       100%        9


Dungeon Overview and Level Annotations

Branches:
Dungeon (6/15)             Temple (0/1) D:6           Sewer (visited)

Altars:
Cheibriados
Elyvilon
Nemelex Xobeh
Qazlal
Trog
Uskayaw
Wu Jian
Yredelemnul
Zin

Shops:
D:5 :

Annotations:
D:6 3 runed translucent doors


Innate Abilities, Weirdness & Mutations

You are a hulking beast.
Your limbs bulge with bestial killing power. (Slay +3)
You cannot wear most types of armour.
You are amphibious.
You can wear up to eight rings at the same time.
Your skin changes colour to match your surroundings (Stealth+).
Your rubbery body absorbs attacks. (AC +1, EV +1)
((You are camouflaged when in or above water. (Stealth+)))
You have tentacles for arms and can constrict up to eight enemies at once.


Message History

The scorpion poisons you!
You closely miss the scorpion. You grab the scorpion.
You squeeze the scorpion, but do no damage.
The scorpion is moderately wounded.
You constrict the scorpion.
You feel very sick. The scorpion misses you.
You can now pass through a line of other dancers.
You tentacle-slap the scorpion. You squeeze the scorpion.
You kill the scorpion!
You feel sick.
No target in view!
You start resting.
You feel sick. x7
You are no longer poisoned.
You start resting.
An orc wizard is nearby!
The orc wizard shouts!
You hear a shout!
The orc wizard casts a spell at you. You resist with some effort.
The orc wizard shouts!
You tentacle-slap the orc wizard. Your grab misses the orc wizard.
You squeeze the orc wizard!
The orc wizard is severely wounded.
The orc wizard hits you but does no damage.
You are electrocuted!!
You are too injured to fight recklessly!
You are too injured to fight recklessly!
You barely miss the orc priest. You grab the orc priest.
You constrict the orc priest.
The orc priest mumbles some strange prayers to Beogh against you.
Pain shoots through your body!
* * * LOW HITPOINT WARNING * * *
The orc wizard gestures wildly while chanting.
The orc wizard flickers and vanishes!
Deactivating autopickup; reactivate with Ctrl-A.
The orc wizard hits you with a +1 dagger of electrocution.
* * * LOW HITPOINT WARNING * * *
You are electrocuted!!
You die...
Your body falls in perfect tune with the rhythm.

+..#...........
+....#.....##.#
+.#........##.# #.#
..............# #.####
#........##.#####......
#........##....>.......
#...........##.##.#.##.
###.....#.#####.##.# #.
........h#.## #.##.# ##.
#####.#.#oo..####.##.#.#..
.....................#....
####.#.###..####........<
...#..##.{####..####.[.
#.. ##.##........# ##..
#.# #.##.######.# ##. #.#
#.##.# #.# #. #.#
#.##.######.######.


You could see an orc priest and an orc wizard.

Vanquished Creatures
  A water moccasin (D:5)
  A phantom (D:6)
  A centaur (D:6)
  2 kobold brigands (Sewer)
  3 scorpions
  A howler monkey (D:6)
  6 hounds
  3 jellies
  6 orc priests
  Crazy Yiuf (D:5)
  A gnoll bouda (D:6)
  Jessica (D:3)
  4 orc wizards
  2 iguanas (D:5)
  19 adders
  4 gnolls (D:6)
  2 river rats (Sewer)
  2 ufetubi (D:5)
  2 ribbon worms
  4 dart slugs
  14 orcs
  3 ball pythons
  7 bats
  5 endoplasms
  3 giant cockroaches
  7 goblins
  7 hobgoblins
  A jackal (Sewer)
  7 kobolds
  3 quokkas
  4 frilled lizards
  11 rats
138 creatures vanquished.

Notes
Turn   | Place    | Note
-------+----------+-------------------------------------------
     0 | D:1      | mopl the Octopode Shapeshifter began the quest for the Orb.
     0 | D:1      | Reached XP level 1. HP: 13/13 MP: 1/1
   133 | D:1      | Reached XP level 2. HP: 18/18 MP: 2/2
  1045 | D:2      | Reached XP level 3. HP: 17/23 MP: 3/3
  1296 | D:2      | Reached XP level 4. HP: 24/29 MP: 4/4
  1660 | D:3      | Reached skill level 2 in Fighting
  1685 | D:3      | Reached skill level 4 in Unarmed Combat
  1685 | D:3      | Reached XP level 5. HP: 29/34 MP: 5/5
  1794 | D:3      | Noticed Jessica
  1799 | D:3      | Killed Jessica
  1800 | D:3      | Reached skill level 4 in Shapeshifting
  1898 | D:3      | Found a stormy altar of Qazlal.
  1902 | D:3      | Found a glowing silver altar of Zin.
  1904 | D:3      | Found a white marble altar of Elyvilon.
  1905 | D:3      | Found a basalt altar of Yredelemnul.
  1906 | D:3      | Found a sparkling altar of Nemelex Xobeh.
  1911 | D:3      | Found a bloodstained altar of Trog.
  1911 | D:3      | Found an ornate altar of the Wu Jian Council.
  2105 | D:4      | Reached skill level 3 in Dodging
  2156 | D:4      | Reached XP level 6. HP: 34/41 MP: 6/6
  2282 | D:4      | Found a hide-covered altar of Uskayaw.
  2282 | D:4      | Noticed a +0 short sword
  2282 | D:4      | Noticed a +0 short sword
  2283 | D:4      | Noticed a +0 falchion
  2283 | D:4      | Noticed a +0 spear
  2283 | D:4      | Noticed a +0 spear
  2283 | D:4      | Noticed a +0 falchion
  2284 | D:4      | Noticed a +0 dagger
  2285 | D:4      | Noticed a +0 dagger
  2286 | D:4      | Became a worshipper of Uskayaw the Reveller
  2341 | D:4      | Reached * piety under Uskayaw
  2351 | D:4      | Reached ** piety under Uskayaw
  2787 | D:5      | Entered Level 5 of the Dungeon
  2826 | D:5      | Reached XP level 7. HP: 45/45 MP: 7/7
  2830 | D:5      | Reached *** piety under Uskayaw
  2853 | D:5      | Reached skill level 5 in Unarmed Combat
  2853 | D:5      | Reached skill level 1 in Invocations
  2861 | D:5      | Reached skill level 3 in Fighting
  2862 | D:5      | Reached **** piety under Uskayaw
  2865 | D:5      | Reached ***** piety under Uskayaw
  2867 | D:5      | Reached skill level 5 in Shapeshifting
  2889 | D:5      | Found a glowing drain.
  2893 | Sewer    | Entered a sewer
  3215 | Sewer    | Found a white marble altar of Elyvilon.
  3318 | D:5      | Reached skill level 2 in Invocations
  3351 | D:5      | Reached XP level 8. HP: 48/52 MP: 9/9
  3355 | D:5      | Reached skill level 4 in Dodging
  3511 | D:5      | Found a runed translucent door.
  3512 | D:5      | Noticed Crazy Yiuf
  3518 | D:5      | Killed Crazy Yiuf
  3602 | D:5      | Reached skill level 6 in Unarmed Combat
  3918 | D:5      | Found Jiakh's Book Shop.
  4043 | D:5      | Reached skill level 4 in Fighting
  4106 | D:6      | Reached skill level 3 in Invocations
  4106 | D:6      | Reached skill level 6 in Shapeshifting
  4395 | D:6      | Found a snail-covered altar of Cheibriados.
  4447 | D:6      | Found a staircase to the Ecumenical Temple.
  4491 | D:6      | Found a runed translucent gate.
  4492 | D:6      | Found a runed translucent gate.
  4492 | D:6      | Found a runed translucent gate.
  4565 | D:6      | Mangled by an orc wizard

Illustrated notes

Levels and vault maps discovered:
D:1:      elethiomel_arrival_shortcut, layout_basic
D:2:      minmay_general_purpose_star, layout_loops_cross, serial_forest,
          infiniplex_forest_end_3, infiniplex_forest_clump_small,
          infiniplex_forest_end_2, infiniplex_forest_zigzag_2,
          infiniplex_forest_lined_ring, infiniplex_forest_straight_3,
          kennysheep_generic_room_13
D:3:      layout_rooms, grunt_temple_overflow_open,
          nicolae_qazlal_eye_of_the_storm, minmay_misc_feat_roman,
          kennysheep_generic_room_8, uniq_jessica
D:4:      layout_loops_ring, nicolae_uskayaw_en_pointe,
          serial_library_hellmonk_recessed_alcove,
          chequers_serial_rivers_micro_a, dk_noncrumbling_3,
          nrook_mini_backslash
D:5:      layout_cave_pools, serial_shops, shop, gup_sewer_entry_bowl,
          uniq_crazy_yiuf_cottage
D:6:      layout_loops_ring, kennysheep_slug_shrine,
          minmay_temple_entry_statues_fountains, gammafunk_ghost_necromancy,
          serial_shops, nicolae_shop_tiny_real_fake_doors,
          serial_library_hellmonk_open_cross

Skill      XL: |  1  2  3  4  5  6  7  8 |
---------------+-------------------------+-----
Fighting       | 2 3 4 |  4.3
Unarmed Combat | 4 5 6 |  6.7
Shapeshifting  | 4 5 6 |  6.3
Dodging        | 3 4 |  4.6
Invocations    | 2 3 |  3.4

Action                     |  1- 3 |  4- 6 |  7- 9 || total
---------------------------+-------+-------+-------++-------
  Melee: Unarmed           |     9 |    40 |   111 ||   160
         Constrict         |     4 |    14 |    37 ||    55
         Tentacles         |     3 |     9 |    30 ||    42
         Punch             |     1 |     1 |     8 ||    10
   Fire: Sling             |    50 |    88 |    19 ||   157
    Use: Scroll            |       |     6 |     1 ||     7
   Stab: Paralysed         |       |       |     7 ||     7
         Sleeping          |       |       |     3 ||     3
 Armour: Skin              |    15 |    25 |    66 ||   106
  Dodge: Dodged            |    15 |    32 |    71 ||   118

Table legend: (Time is in decaauts)
 A = Elapsed time spent in this place.
 B = Non-inter-level travel time spent in this place.
 C = Inter-level travel time spent in this place.
 D = Time resting spent in this place.
 E = Time spent auto-exploring this place.
 F = Levels seen in this place.
 G = Mean time per level.
                   A        B        C        D        E       F      G
               +--------+--------+--------+--------+--------+-----+--------+
         Total |   4595 |   4451 |    144 |    748 |   2853 |   7 |  656.4 |
       Dungeon |   4231 |   4087 |    144 |    523 |   2797 |   6 |  705.2 |
         Sewer |    364 |    364 |      0 |    225 |     56 |   1 |  364.0 |
               +--------+--------+--------+--------+--------+-----+--------+

Top non-repeatable levels by time:
     D:5: 883 daAuts
     D:1: 865 daAuts
     D:2: 807 daAuts
     D:4: 729 daAuts
     D:6: 495 daAuts
     D:3: 451 daAuts
   Sewer: 364 daAuts
